 Dungeon Crawl Stone Soup version 0.30-b1-2-g02819fbbbe (webtiles) character file.

Game seed: 4107267752547526718

7138 ketsa the Grappler (level 11, -24/97 HPs)
             Began as a Ghoul Fighter on May 23, 2023.
             Was an Initiate of Gozag.
             Annihilated by an orc warlord
             ... wielding a +5 broad axe
              (53 damage)
             ... in a bailey.
             The game lasted 00:30:46 (10331 turns).

ketsa the Grappler (Ghoul Fighter)                 Turns: 10331, Time: 00:30:47

Health: -24/97     AC: 11    Str: 31    XL:     11   Next: 10%
Magic:  10/10      EV: 16    Int:  3    God:    Gozag
Gold:   1812       SH:  4    Dex:  8    Spells: 10/10 levels left

rFire   . .          .
                       - Unarmed
rCold   + . .        b - +0 buckler
rNeg    + + +        I - +5 ring mail "Ujania" {-Cast rElec Str+6}
rPois   ∞            (no helmet)
rElec   +            M - scarf {shadows}
rCorr   .            (no gloves)
SInv    .            (no boots)
Will    .....        (no amulet) Stlth
                     A - +4 ring of slaying
HPRegen 0.00/turn    L - +5 ring of evasion
MPRegen 0.12/turn

%: no spellcasting
@: mighty, gold aura, inhibited regen, hasted, very quick
A: claws 1, cold resistance 1, negative energy resistance 3, inhibited
regeneration, torment resistance 2, devour on kill
a: Renounce Religion, Potion Petition, Call Merchant, Bribe Branch


You were in a bailey.
You worshipped Gozag.
Gozag was most pleased with you.
You visited 2 branches of the dungeon, and saw 11 of its levels.
You also visited: Sewer and Bailey.

You collected 2420 gold pieces.
You spent 608 gold pieces at shops.

Inventory:

Missiles
 C - 13 poisoned darts (quivered)
Armour
 a - a +0 scale mail
 b - a +0 buckler (worn)
 x - the +6 ring mail of Zin's Envy {Str+3}
   (You found it on level 2 of the Dungeon)

   Str:       It affects your strength (+3).
 y - a +1 leather armour of poison resistance
 I - the +5 ring mail "Ujania" (worn) {-Cast rElec Str+6}
   (You found it on level 6 of the Dungeon)

   Str:       It affects your strength (+6).
   rElec:     It insulates you from electricity.
   -Cast:     It prevents spellcasting.
 M - a scarf of shadows (worn)
 R - a scarf of harm
Jewellery
 A - a +4 ring of slaying (left claw)
 B - a ring of resist corrosion
 D - a ring of willpower
 H - a ring of see invisible
 J - a ring of willpower
 L - a +5 ring of evasion (right claw)
 T - an amulet of reflection
 U - a ring of protection from cold
Wands
 v - a wand of polymorph (4)
 G - a wand of charming (4)
 S - a wand of flame (5)
Scrolls
 d - a scroll of amnesia {unknown}
 e - a scroll of poison {unknown}
 g - 8 scrolls of teleportation
 h - a scroll of fear {unknown}
 j - a scroll of blinking {unknown}
 n - 2 scrolls of torment {unknown}
 p - a scroll of magic mapping
 r - a scroll of enchant weapon {unknown}
 s - 3 scrolls of noise {unknown}
 t - a scroll of summoning {unknown}
 u - 2 scrolls of vulnerability {unknown}
 z - 2 scrolls of fog {unknown}
 N - 2 scrolls of enchant armour {unknown}
Potions
 c - a potion of might
 f - 2 potions of invisibility
 i - 3 potions of cancellation
 k - 7 potions of curing
 l - a potion of attraction
 m - 3 potions of magic
 o - 6 potions of heal wounds
 w - 2 potions of brilliance
 E - a potion of flight
 K - a potion of resistance {unknown}
 O - a potion of ambrosia {unknown}


   Skills:
 + Level 9.4 Fighting
 + Level 3.5 Throwing
 + Level 7.3 Armour
 - Level 2.5 Dodging
 - Level 5.2 Shields
 * Level 11.7 Unarmed Combat


You had 10 spell levels left.
You didn't know any spells.
Your spell library contained the following spells:

 Spells                   Type           Power      Damage    Failure   Level
 Blink                    Tloc           0%         N/A       82%         2
 Scorch                   Fire           0%         2d5       82%         2
 Static Discharge         Conj/Air       0%         2-2/arc   82%         2
 Dazzling Flash           Conj/Hex       0%         N/A       96%         3
 Volatile Blastmotes      Fire/Tloc      0%         2d10      96%         3
 Airstrike                Air            0%         2d(0-16)  100%        4
 Flame Wave               Conj/Fire      0%         2d4       100%        4
 Iskenderun's Mystic Bla  Conj/Tloc      0%         2d3       100%        4
 Manifold Assault         Tloc           0%         N/A       100%        4
 Summon Lightning Spire   Summ/Air       0%         N/A       100%        4
 Agony                    Necr           0%         N/A       100%        5
 Silence                  Hex/Air        0%         N/A       100%        5
 Starburst                Conj/Fire      0%         6d3       100%        6
 Summon Cactus Giant      Summ           0%         N/A       100%        6
 Storm Form               Tmut/Air       Unusable   N/A       N/A         7

Dungeon Overview and Level Annotations

Branches:
Dungeon (10/15) Zot: 26955  Temple (0/1) D:6            Lair (0/5) D:9
    Orc (1/2) D:9 Zot: 5996   Sewer (visited)          Bailey (1/1) Zot: 5746

Altars:
Ashenzari
Dithmenos
Fedhas
Gozag
Kikubaaqudgha
Makhleb
Nemelex Xobeh
Uskayaw
Xom
Yredelemnul

Shops:
D:7 =:[   D:8 ==   D:9 ([(

Annotations:
D:7 Prince Ribbit
D:8 2 transporters, DevastatorOne's ghost, novice TrMo


Innate Abilities, Weirdness & Mutations

You are immune to poison.
You have sharp fingernails.
Your flesh is cold resistant. (rC+)
You are immune to negative energy. (rN+++)
You do not regenerate when monsters are visible.
You are immune to unholy pain and torment.
You thrive by killing the living.


Message History

A goblin comes into view. It is wielding a +0 war axe.
The hobgoblin misses you.
The goblin is no longer distracted by gold.
The orc warrior closely misses you.
The orc warlord is no longer distracted by gold.
The orc knight roars a battlecry!
The orc warlord goes into a battle-frenzy!
You claw the goblin!
You kill the goblin!
The hobgoblin attacks as you move away! The hobgoblin misses you.
The orc warrior no longer looks unusually strong.
The orc warlord roars a battlecry!
The orc warrior goes into a battle-frenzy!
The orc warrior hits you but does no damage.
The goblin is distracted by your dazzling golden aura.
The goblin shouts!
The orc warrior attacks as you move away!
The orc warrior closely misses you.
The orc knight no longer looks unusually strong.
You feel very mighty all of a sudden.
The orc warlord roars a battlecry!
The orc knight goes into a battle-frenzy!
The orc warrior barely misses you. The hobgoblin barely misses you.
You feel yourself speed up.
The goblin is no longer distracted by gold.
The orc knight hits you with the +11 triple sword of the Lesser Evil {flame, *Rage rF+++ Str+5}!!
The orc knight burns you. The hobgoblin misses you.
You claw the orc knight!
The orc knight is lightly wounded.
The orc knight hits you with the +11 triple sword of the Lesser Evil {flame, *Rage rF+++ Str+5}!!
* * * LOW HITPOINT WARNING * * *
The orc knight burns you!
* * * LOW HITPOINT WARNING * * *
The hobgoblin barely misses you.
Okay, then.
You feel much better. You block the orc knight's attack.
The orc warlord hits you with a +5 broad axe!!!
Ouch! That really hurt!
You die...
Your body crumbles into a pile of gold.

#...........#...
#...........)...
#.....⌠.....#...
#..........)#.))
#..)........#...
###)).......###..
###.#)#.....###
###
###.....###.### #
##...@oo...###
#...goo....8##.
#....$.....8#g.
#∩....⌠.g...'o
#..........8#..
#..........8##.
##!........###
###.....###.##
###.#'#.....


You could see an orc warlord (strong), an orc knight (strong), 2 orc warriors, a
hobgoblin and a goblin.

Vanquished Creatures
  A rime drake (D:9)
  An unseen horror (D:7)
  A wraith (D:9)
  9 yaks
  A steam dragon (D:9)
  2 water moccasins (D:7)
  5 ice beasts
  A black bear (D:6)
  9 orc warriors
  2 sky beasts
  4 wolves (D:9)
  A centaur (D:9)
  2 ogres
  A phantom (D:5)
  3 bullfrogs
  2 gnoll sergeants
  4 scorpions
  5 wights (D:8)
  9 killer bees
  3 hounds
  9 orc priests
  5 iguanas
  2 jellies (D:5)
  A sleepcap (D:6)
  13 orc wizards
  15 gnolls
  10 adders
  4 river rats (Sewer)
  2 shadow imps
  3 ufetubi
  4 worms
  3 dart slugs
  42 orcs
  4 endoplasms
  6 giant cockroaches
  19 goblins
  13 hobgoblins
  3 jackals (D:4)
  5 kobolds
  11 ball pythons
  4 bats
  8 frilled lizards
  16 rats
268 creatures vanquished.

Notes
Turn   | Place    | Note
-------+----------+-------------------------------------------
     0 | D:1      | ketsa the Ghoul Fighter began the quest for the Orb.
     0 | D:1      | Reached XP level 1. HP: 19/19 MP: 0/0
    37 | D:1      | Reached XP level 2. HP: 22/26 MP: 1/1
   224 | D:1      | Reached XP level 3. HP: 31/31 MP: 2/2
   337 | D:1      | Found a faded altar of an unknown god.
   345 | D:1      | Prayed at the altar of an unknown god.
   345 | D:1      | Became a worshipper of Gozag Ym Sagoz the Greedy
   418 | D:2      | Reached skill level 3 in Unarmed Combat
   799 | D:2      | You fall into a shaft and drop 2 floors!
   832 | D:5      | Entered Level 5 of the Dungeon
   843 | D:4      | Noticed a scorpion
   879 | D:4      | Reached XP level 4. HP: 25/38 MP: 3/3
  1071 | D:3      | Found a glowing drain.
  1075 | Sewer    | Entered a sewer
  1191 | Sewer    | Reached skill level 4 in Unarmed Combat
  1249 | Sewer    | Reached XP level 5. HP: 40/45 MP: 4/4
  1769 | D:3      | Reached skill level 5 in Unarmed Combat
  1778 | D:3      | Reached XP level 6. HP: 15/51 MP: 5/5
  2060 | D:2      | Found a burning altar of Makhleb.
  2061 | D:2      | Identified the +6 ring mail of Zin's Envy {Str+3}
  3459 | D:4      | Reached XP level 7. HP: 28/59 MP: 6/6
  3466 | D:4      | Reached skill level 6 in Unarmed Combat
  3654 | D:5      | Found an ancient bone altar of Kikubaaqudgha.
  3778 | D:5      | Found a hide-covered altar of Uskayaw.
  3832 | D:5      | Reached skill level 5 in Shields
  4169 | D:5      | Reached skill level 5 in Fighting
  4266 | D:5      | Reached XP level 8. HP: 47/68 MP: 7/7
  4399 | D:5      | Reached skill level 7 in Unarmed Combat
  5159 | D:6      | Found a blossoming altar of Fedhas.
  5642 | D:6      | Found a staircase to the Ecumenical Temple.
  5805 | D:6      | Identified the +5 ring mail "Ujania" {-Cast rElec Str+6}
  5964 | D:7      | Found a broken altar of Ashenzari.
  5990 | D:7      | Reached skill level 1 in Dodging
  5990 | D:7      | Reached XP level 9. HP: 78/78 MP: 8/8
  6009 | D:7      | Found a shimmering altar of Xom.
  6021 | D:7      | Reached skill level 5 in Armour
  6021 | D:7      | Reached skill level 8 in Unarmed Combat
  6058 | D:7      | Found Noheschi's Jewellery Shop.
  6076 | D:7      | Found Faoz's Book Emporium.
  6120 | D:7      | Found Coopp's Antique Armour Shop.
  6166 | D:7      | Bought a +5 ring of evasion for 432 gold pieces
  6172 | D:7      | Bought a runed scarf for 176 gold pieces
  6396 | D:7      | Noticed an unseen horror
  6406 | D:7      | Killed an unseen horror
  6466 | D:7      | Noticed Prince Ribbit
  6906 | D:8      | Found a transporter.
  6909 | D:8      | Noticed DevastatorOne's ghost (novice TrMo)
  7114 | D:8      | Found a basalt altar of Yredelemnul.
  7114 | D:8      | Found a sparkling altar of Nemelex Xobeh.
  7127 | D:8      | Found a shadowy altar of Dithmenos.
  7141 | D:8      | Reached skill level 9 in Unarmed Combat
  7186 | D:8      | Found Areagisi's Jewellery Shoppe.
  7252 | D:8      | Found Xebrep's Jewellery Shop.
  7295 | D:8      | Found a transporter.
  7975 | D:9      | Found a staircase to the Orcish Mines.
  7975 | D:9      | Found Oxog's Weapon Shop.
  7975 | D:9      | Found Nuj Irou's Armour Shop.
  8192 | D:8      | Reached XP level 10. HP: 88/88 MP: 9/9
  8469 | D:8      | Reached skill level 10 in Unarmed Combat
  8878 | D:9      | Reached skill level 1 in Throwing
  9084 | D:9      | Found Quewaiff's Weapon Shop.
  9119 | D:9      | Reached skill level 11 in Unarmed Combat
  9547 | Orc:1    | Entered Level 1 of the Orcish Mines
  9548 | Orc:1    | Noticed an orc high priest
  9605 | D:9      | Found a staircase to the Lair.
  9745 | D:9      | Found an opulent altar of Gozag.
 10017 | D:10     | Entered Level 10 of the Dungeon
 10043 | D:10     | Found a flagged portal.
 10062 | Bailey   | Entered a bailey
 10104 | Bailey   | Reached XP level 11. HP: 97/97 MP: 10/10
 10311 | Bailey   | Noticed an orc warlord
 10319 | Bailey   | Identified the +11 triple sword of the Lesser Evil {flame,
                  | *Rage rF+++ Str+5}
 10319 | Bailey   | Noticed an orc knight
 10331 | Bailey   | Annihilated by an orc warlord

Illustrated notes

Levels and vault maps discovered:
D:1:      psy_arrival_spokes, layout_rooms, basic_ecumenical_altar,
          serial_bayou_pond_e
D:2:      layout_rooms, basic_altar
D:3:      layout_basic, gup_sewer_entry_bowl, serial_park_tiny_1
D:4:      layout_cave_pods
D:5:      layout_basic, kennysheep_little_box, mainiacjoe_overflow_alcove_1
D:6:      layout_basic, mainiacjoe_overflow_concentric_impassable,
          mainiacjoe_overflow_tiny_flanked, temple_hall, serial_corexii_hall,
          corexii_hall_statues_t, corexii_hall_statues_i
D:7:      layout_loops_cross, mainiacjoe_overflow_cross_hatched,
          mainiacjoe_overflow_six_doors_small, nicolae_wooded_promenade,
          dk_vineyard_3, uniq_prince_ribbit1
D:8:      layout_gridville, lemuel_crystal_altar,
          chequers_temple_overflow_statue_of_worship,
          gammafunk_ghost_stat_death, serial_shops, shop, shop
D:9:      layout_rooms, mainiacjoe_overflow_24_doors, hellmonk_lair_entry_icy,
          orc_david_3, serial_shops, shop, grunt_decor_clamped
D:10:     layout_long_grid, enter_bailey_5
Orc:1:    layout_diamond_mine
Bailey:   bailey_axe_minmay_hex_keep, bailey

Skill      XL: |  1  2  3  4  5  6  7  8  9 10 |
---------------+-------------------------------+-----
Shields        | 3 4 5 |  5.2
Unarmed Combat | 3 4 5 6 7 9 11 | 11.7
Fighting       | 4 5 6 8 9 |  9.4
Armour         | 3 4 6 7 |  7.3
Dodging        | 1 2 |  2.5
Throwing       | 3 |  3.5

Action                     |  1- 3 |  4- 6 |  7- 9 | 10-12 || total
---------------------------+-------+-------+-------+-------++-------
  Melee: Unarmed           |   130 |   221 |   292 |   270 ||   913
  Throw: Dart              |       |       |     4 |     2 ||     6
    Use: Scroll            |     1 |     1 |     7 |     8 ||    17
         Potion            |       |       |       |     3 ||     3
   Stab: Distracted        |       |     1 |       |     1 ||     2
 Armour: Scale mail        |    66 |    35 |       |       ||   101
         Ring mail         |       |    47 |   104 |    72 ||   223
  Dodge: Dodged            |    57 |    84 |   144 |   185 ||   470
  Block: Buckler           |    24 |    29 |    42 |    47 ||   142
